cohdb
Replays
Latest Replays
All Replays
Popular Replays
Top Player Replays
Match Explorer
How It Works
Community
CoH3 Stats
Reddit
Sign in to upload your games and track your stats! →
Sign in with Steam
Match 25345203
Unlisted
Match 25345203
Overview
Messages
Build Orders
End
Construct Barracks
Riflemen Squad
M1 Mortar Team
Riflemen Squad
Riflemen Squad
Riflemen Squad
Infantry Support Center
Construct Motor Pool
Grenade Package
M1 Anti-tank Gun Team
Construct Medical Station
M1918 Browning Automatic Rifles
Riflemen Squad
Advanced Logistics
Munitions Surplus
M1 Anti-tank Gun Team
Construct Weapon Support Center
M3 Armored Personnel Carrier
Selects Advanced Infantry Battlegroup
Selects Ammunition Storage
Selects M2A1 105mm Howitzer Emplacement
Selects 155mm Rapid Artillery Barrage
Engineer Squad
Selects Convert to Ranger Squad
Construct Tank Depot
M18 Hellcat Tank Destroyer
Selects Designate Assault Position
Selects Infantry Assault
Infantry Assault
Survival Training
Infantry Assault
Designate Assault Position
Infantry Assault
Eber
Jonatanga
Eliasga89
pizza2power
BlauBarschBube
TranquilleTv
0
0
Comments
sign in to comment!
No comments posted yet!